 Dungeon Crawl Stone Soup version 0.24-a0-784-g601f8f6d22 (webtiles) character file.

Game seed: 5088137206376503771, levelgen mode: deterministic

1428 Kohma the Poker (level 9, -2/71 HPs)
             Began as a Formicid Fighter on Oct 9, 2019.
             Was an Initiate of Ashenzari.
             Slain by Harold
             ... wielding a +0 glaive of flaming
              (11 damage)
             ... on level 7 of the Dungeon.
             The game lasted 00:13:39 (5200 turns).

Kohma the Poker (Formicid Fighter)                  Turns: 5200, Time: 00:13:40

Health: -2/71      AC:  6    Str: 30    XL:     9   Next: 3%
Magic:  9/9        EV: 14    Int:  7    God:    Ashenzari [......]
Gold:   151        SH: 12    Dex: 15    Spells: 8/8 levels left

rFire    . . .     SeeInvis +   a - +3 spear (venom)
rCold    . . .     Gourm    .   c - +0 shield
rNeg     . . .     Faith    .   q - +0 scale mail
rPois    .         Spirit   .   (helmet unavailable)
rElec    .         Reflect  .   (no cloak)
rCorr    .         Harm     .   (no gloves)
MR       .....                  (no boots)
Stlth    +.........             (no amulet)
HPRegen  0.21/turn              (no ring)
MPRegen  0.11/turn              (no ring)

@: mighty, agile, marked, lightly drained
A: permanent stasis, dig shafts and tunnels, four strong arms, antennae 3
a: Dig, Shaft Self, Curse Item, Renounce Religion


You were on level 7 of the Dungeon.
You worshipped Ashenzari.
Ashenzari was noncommittal.
You were not hungry.

You visited 1 branch of the dungeon, and saw 7 of its levels.

You collected 228 gold pieces.
You spent 77 gold pieces at shops.

Inventory:

Hand Weapons
 a - a +3 spear of venom (weapon)
 b - a +0 longbow
 x - a +0 halberd
Missiles
 s - 68 arrows
 t - 27 poisoned darts (quivered)
Armour
 c - a +0 shield (worn)
 q - a +0 scale mail (worn)
Scrolls
 h - 2 scrolls of immolation
 k - 2 scrolls of remove curse
 o - 2 scrolls of enchant weapon
 p - a scroll of identify
 v - a scroll of magic mapping
Potions
 d - 2 potions of might
 e - a potion of agility
 i - 2 potions of lignification
 j - 4 potions of curing
 l - a potion of heal wounds
 m - a potion of invisibility
 n - 2 potions of mutation
 r - 2 potions of ambrosia
 z - 2 potions of degeneration
Comestibles
 f - 10 rations


   Skills:
 + Level 6.6(6.3) Fighting
 * Level 7.6(7.3) Polearms
 - Level 3.2(3.0) Armour
 + Level 7.2(6.9) Shields


You had 8 spell levels left.
You didn't know any spells.
Your spell library contained the following spells:

 Spells                   Type           Power        Failure   Level  Hunger
 Confusing Touch          Hex            #.....       83%         1    ##.....
 Flame Tongue             Conj/Fire      #....        83%         1    ##.....
 Throw Flame              Conj/Fire      #.....       92%         2    ###....
 Confuse                  Hex            #.......     99%         3    ####...
 Conjure Flame            Conj/Fire      #.......     99%         3    ####...
 Gell's Gravitas          Tloc           #.........   99%         3    ####...
 Inner Flame              Hex/Fire       #.......     99%         3    ####...
 Petrify                  Tmut/Erth      #.......     100%        4    #####..
 Sticky Flame             Conj/Fire      #.......     100%        4    #####..
 Fireball                 Conj/Fire      #.........   100%        5    ######.
 Metabolic Englaciation   Hex/Ice        #.........   100%        5    ######.
 Yara's Violent Unravell  Hex/Tmut       #.........   100%        5    ######.


Dungeon Overview and Level Annotations

Branches:
Dungeon (7/15)
 Temple: D:4-7

Altars:
Ashenzari
Makhleb
Nemelex Xobeh
Qazlal
Sif Muna
Xom
Zin

Shops:
D:4 *

Annotations:
D:7 Harold


Innate Abilities, Weirdness & Mutations

You cannot be hasted, slowed, berserked, paralysed or teleported.
You can dig through walls and to a lower floor.
Your four strong arms can wield two-handed weapons with a shield.
You have a pair of large antennae on your head. (SInv)


Message History

* * * LOW HITPOINT WARNING * * *
You feel agile all of a sudden.
Harold says, "Let's make it quick, okay?
I've got mouths to feed."
Harold misses you.
You puncture Harold!
Harold looks as sick as possible!
Harold is moderately wounded.
You hit Harold.
Harold looks as sick as possible!
Harold is moderately wounded.
The hound barely misses you. Harold gestures at you while chanting.
The mark upon you grows brighter.
You puncture Harold!
Harold is heavily wounded.
You block the hound's attack.
You completely miss Harold.
Harold is heavily wounded.
The hound misses you.
Harold looks eager to get this over with.
Harold hits you with a +0 glaive of flaming!
You die...

#..'......
#..# #..#
#..# #..#
#..# #..##
#.@h# ##@##
####..#
##.....#
##......#
#.......#
##.###.##
#+###.######
#...§§§§§#
#...§§§§§#


You could see Harold and a hound.

Vanquished Creatures
  Sigmund (D:5)
  2 ice beasts
  Duvessa (D:6)
  2 ogres
  2 centaurs
  Blork the orc (D:6)
  Dowan (D:6)
  A scorpion (D:4)
  4 wights (D:6)
  A crimson imp (D:6)
  A bullfrog zombie (D:6)
  A bullfrog skeleton (D:5)
  An iguana (D:4)
  2 worker ants (D:5)
  A worker ant zombie (D:5)
  5 adders
  2 shadow imps
  A worm (D:4)
  2 dart slugs (D:1)
  5 leopard geckos
  2 orcs
  A ball python (D:2)
  5 giant cockroaches
  3 goblins
  6 hobgoblins
  7 jackals
  2 quokkas
  4 bats
  5 frilled lizards
  5 kobolds
  A leopard gecko zombie (D:6)
  4 rats
82 creatures vanquished.

Notes
Turn   | Place    | Note
-------+----------+-------------------------------------------
     0 | D:1      | Kohma the Formicid Fighter began the quest for the Orb.
     0 | D:1      | Reached XP level 1. HP: 18/18 MP: 1/1
   164 | D:1      | Reached XP level 2. HP: 24/24 MP: 2/2
   277 | D:1      | Reached XP level 3. HP: 29/29 MP: 3/3
   876 | D:2      | Reached XP level 4. HP: 36/37 MP: 4/4
  1515 | D:3      | You fall into a shaft and drop 1 floor!
  1530 | D:4      | Found Miwkol's General Store.
  1553 | D:4      | Reached XP level 5. HP: 36/42 MP: 5/5
  1561 | D:4      | Bought a scroll of identify for 28 gold pieces
  1561 | D:4      | Bought a scroll of magic mapping for 49 gold pieces
  1605 | D:4      | Found a shimmering blue altar of Sif Muna.
  1777 | D:4      | Noticed an ogre
  1786 | D:4      | Killed an ogre
  1786 | D:4      | Reached skill level 5 in Shields
  1786 | D:4      | Reached XP level 6. HP: 19/49 MP: 6/6
  2229 | D:5      | Entered Level 5 of the Dungeon
  2236 | D:5      | Found a shimmering altar of Xom.
  2443 | D:5      | Found a sparkling altar of Nemelex Xobeh.
  2627 | D:5      | Reached skill level 5 in Polearms
  2763 | D:5      | Found a stormy altar of Qazlal.
  2763 | D:5      | Found a glowing silver altar of Zin.
  2763 | D:5      | Noticed Sigmund
  2789 | D:5      | Killed Sigmund
  2789 | D:5      | Reached skill level 5 in Fighting
  2789 | D:5      | Reached XP level 7. HP: 48/56 MP: 7/7
  2985 | D:5      | Found a burning altar of Makhleb.
  3575 | D:6      | Reached XP level 8. HP: 63/63 MP: 8/8
  3644 | D:6      | Noticed Blork the orc
  3654 | D:6      | Killed Blork the orc
  3861 | D:6      | Noticed Duvessa
  3861 | D:6      | Noticed Dowan
  3869 | D:6      | Killed Duvessa
  3880 | D:6      | Killed Dowan
  4473 | D:6      | Found a shattered altar of Ashenzari.
  4769 | D:6      | Became a worshipper of Ashenzari the Shackled
  4910 | D:6      | Reached XP level 9. HP: 61/71 MP: 9/9
  5170 | D:7      | Noticed Harold
  5200 | D:7      | Slain by Harold

Levels and vault maps discovered:
D:1:      elethiomel_arrival_infinity_welcomes_careful_drivers, layout_basic,
          chequers_mini_garden, minmay_bisected
D:2:      layout_loops_ring
D:3:      layout_loops_ring, serial_rivers, chequers_serial_rivers_micro_a,
          chequers_serial_rivers_marsh, chequers_serial_rivers_small_a,
          chequers_serial_rivers_micro_e, chequers_serial_rivers_large_b
D:4:      layout_cave_pools, kennysheep_mini, serial_shops, shop_fountains,
          first_ration
D:5:      layout_basic, lemuel_doored_altar, lemuel_crystal_altar,
          gammafunk_temple_overflow_pools, nemelex_lonely_heart_becter,
          uniq_sigmund
D:6:      layout_basic, nicolae_ashenzari_panopticon, serial_rivers,
          chequers_serial_rivers_micro_c, chequers_serial_rivers_large_a,
          chequers_serial_rivers_small_3, chequers_serial_rivers_marsh,
          chequers_serial_rivers_micro_c, chequers_serial_rivers_marsh,
          minmay_quadrilaterals, uniq_blork_the_orc, uniq_duvessa
D:7:      layout_gridville, lemuel_round_altar, okawaru_metal_pillars_1_2,
          lemuel_round_altar, minmay_temple_entry_arrows,
          kennysheep_generic_room_12, uniq_harold

Skill      XL: |  1  2  3  4  5  6  7  8 |
---------------+-------------------------+-----
Shields        | 4 5 6 7 |  7.2
Polearms       | 3 4 5 6 7 |  7.6
Fighting       | 4 5 6 |  6.6
Armour         | |  3.2

Action                   |  1- 3 |  4- 6 |  7- 9 || total
-------------------------+-------+-------+-------++-------
Melee: Spear             |    71 |    91 |   165 ||   327
       Trident           |     3 |       |       ||     3
Throw: Dart              |       |     6 |       ||     6
  Use: Scroll            |       |    12 |     4 ||    16
       Potion            |       |       |     4 ||     4
  Eat: Chunk             |       |     6 |     4 ||    10
       Ration            |       |       |     1 ||     1
Armor: Scale mail        |    19 |    15 |    19 ||    53
       Ring mail         |       |     2 |       ||     2
Dodge: Dodged            |    12 |    21 |    42 ||    75
Block: Shield            |    24 |    25 |    48 ||    97

Table legend:
 A = Non-vault XP
 B = Vault XP
 C = Vault XP percentage of total XP
 D = Non-vault monster count
 E = Vault monster count
 F = Vault count percentage of total count
                 A         B        C        D         E       F
            +---------+---------+-------+---------+---------+-------
      Total |    1364 |     677 |  33.2 |      72 |      10 |  12.2
            +---------+---------+-------+---------+---------+-------
        D:1 |      36 |       6 |  14.3 |      19 |       3 |  13.6
        D:2 |      54 |       0 |   0.0 |      18 |       0 |   0.0
        D:3 |       4 |       0 |   0.0 |       3 |       0 |   0.0
        D:4 |     231 |       0 |   0.0 |       6 |       0 |   0.0
        D:5 |     400 |     242 |  37.7 |      11 |       1 |   8.3
        D:6 |     628 |     429 |  40.6 |      14 |       6 |  30.0
        D:7 |      11 |       0 |   0.0 |       1 |       0 |   0.0
            +---------+---------+-------+---------+---------+-------
